 Dungeon Crawl Stone Soup version 0.31.0-12-g77e489cdc1 (webtiles) character file.

Game seed: 15347141208593990540

1386 Metae the Shield-Bearer (level 8, -8/59 (70) HPs)
             Began as a Minotaur Fighter on Mar 2, 2024.
             Killed by divine providence
             ... invoked by an orc priest
              (13 damage)
             ... on level 7 of the Dungeon.
             The game lasted 00:12:42 (3282 turns).

Metae the Shield-Bearer (Minotaur Fighter)          Turns: 3282, Time: 00:12:43

HP:   -8/59 (70)    AC: 15    Str: 24    XL:     8   Next: 40%
MP:   7/7           EV:  9    Int:  5    God:
Gold: 266           SH:  9    Dex:  9    Spells: 7/7 levels left

rFire   . . .        h - +1 short sword (drain)
rCold   . . .        r - +0 kite shield
rNeg    + . .        l - +0 chain mail
rPois   .            p - +2 hat
rElec   .            c - scarf {+Inv}
rCorr   .            v - +1 pair of gloves
SInv    .            m - +0 pair of boots
Will    .....        f - amulet of regeneration Stlth
                     k - ring of positive energy
HPRegen 1.09/turn    (no ring)
MPRegen 0.10/turn

%: no passive effects
@: heavily drained
A: horns 2, retaliatory headbutt
a: Evoke Invisibility


You were on level 7 of the Dungeon.
You visited 1 branch of the dungeon, and saw 6 of its levels.

You collected 266 gold pieces.

Inventory:

Hand Weapons
 a - a +0 trident
 h - a +1 short sword of draining (weapon)
 y - the +6 sling of the Turnip {heavy, *Corrode rN+ Dex+3 SInv}
   (You took it off an orc on level 3 of the Dungeon)

   Dex+3:     It affects your dexterity (+3).
   rN+:       It protects you from negative energy.
   SInv:      It lets you see invisible.
   *Corrode:  It may corrode you when you take damage.
Missiles
 z - 35 stones (quivered)
 B - 2 throwing nets
 G - 4 poisoned darts
Armour
 c - a scarf of invisibility (worn)
 l - a +0 chain mail (worn)
 m - a +0 pair of boots (worn)
 p - a +2 hat (worn)
 r - a +0 kite shield (worn)
 t - the +7 chain mail of Tenacity {^Contam Harm +Blink}
   (You found it on level 2 of the Dungeon)

   +Blink:    It lets you blink.
   ^Contam:   It causes magical contamination when unequipped.
   Harm:      It increases damage dealt and taken.
 v - a +1 pair of gloves (worn)
Jewellery
 f - an amulet of regeneration (around neck)
 g - a ring of magical power
 k - a ring of positive energy (left hand)
 E - a ring of fire
Wands
 s - a wand of light (6)
Scrolls
 b - a scroll of poison
 i - 2 scrolls of amnesia
 o - a scroll of silence
 q - a scroll of noise {unknown}
 x - a scroll of teleportation {unknown}
 D - a scroll of vulnerability {unknown}
 F - a scroll of revelation {unknown}
Potions
 d - 3 potions of might
 e - a potion of invisibility {unknown}
 j - 2 potions of heal wounds {unknown}
 n - 2 potions of cancellation {unknown}
 u - 2 potions of attraction {unknown}
 w - 3 potions of magic {unknown}
 A - a potion of curing {unknown}
 C - a potion of haste {unknown}
 H - a potion of enlightenment {unknown}


   Skills:
 + Level 6.3 Fighting
 + Level 4.3 Short Blades
 - Level 2.5 Polearms
 + Level 6.2 Armour
 + Level 4.5 Dodging
 + Level 6.4 Shields
 + Level 3.1 Evocations


You had 7 spell levels left.
You didn't know any spells.
Your spell library contained the following spells:

 Spells                   Type           Power      Damage    Failure   Level
 Fugue of the Fallen      Necr           0%         N/A       100%        3
 Ozocubu's Armour         Ice            0%         N/A       100%        3
 Stone Arrow              Conj/Erth      0%         3d7       100%        3
 Volatile Blastmotes      Fire/Tloc      0%         2d10      100%        3
 Animate Armour           Summ/Erth      0%         N/A       100%        4
 Fulminant Prism          Conj/Alch      0%         3d5       100%        4
 Iskenderun's Mystic Bla  Conj/Tloc      0%         2d3       100%        4
 Manifold Assault         Tloc           0%         N/A       100%        4
 Lehudib's Crystal Spear  Conj/Erth      0%         10d2      100%        8


Dungeon Overview and Level Annotations

Branches:
Dungeon (5/15)
 Temple: D:4-7

Altars:
Elyvilon
Kikubaaqudgha


Innate Abilities, Weirdness & Mutations

You have a pair of horns on your head.
You reflexively headbutt those who attack you in melee.


Message History

Pain shoots through your body!
You are too injured to fight recklessly!
The orc priest casts a cantrip, but nothing happens. x2
The orc priest begins to cast a cantrip, but forgets the words!
The howler monkey hoots and howls with incredible vigour!
The orc priest looks encouraged for a moment.
Okay, then.
The howler monkey hoots and howls with incredible vigour!
You block the wight's attack. The wight barely misses you.
You block the wight's attack.
You closely miss the wight. You block the wight's attack.
You closely miss the wight. Your headbutt misses the wight.
The wight barely misses you.
The orc priest looks braver for a moment.
You barely miss the wight. Your headbutt misses the wight.
The wight hits you with a +0 halberd! You partially resist.
You feel drained.
You closely miss the wight. Your headbutt misses the wight.
The wight barely misses you. You furiously retaliate!
You headbutt the wight!
The howler monkey hoots and howls with incredible vigour!
You completely miss the wight. You headbutt the wight.
The wight is severely damaged.
The wight hits you with a +0 halberd. You partially resist.
You feel drained.
You hit the wight but do no damage. You headbutt the wight!
You destroy the wight!
You are too injured to fight recklessly!
You block the wight's attack.
The orc priest invokes the aid of Beogh against you.
Beogh smites you!
* * * LOW HITPOINT WARNING * * *
The orc priest mumbles some strange prayers to Beogh against you.
Beogh smites you!
* * * LOW HITPOINT WARNING * * *
Things that are here:
a +0 halberd; a +0 robe You feel drained.
You fail to use your ability.
The wight hits you but does no damage.
The orc priest calls down the wrath of Beogh upon you.
Beogh smites you!
You die...

#.......##.# ##.....##
#.#####)...###.......##
#.)####.........#
#o....'.........+
#zo####.........#
#.#####h## ##...)...##
#.....oz# ##.....##
#######z# ##...## #@#
##+## #.#########
#.......... ##########.


You could see a howler monkey, 3 wights and 3 orc priests.

Vanquished Creatures
  The ghost of JaaP the Chopper, a novice HOMo (D:4)
  Prince Ribbit (D:5)
  A phantom (D:5)
  A scorpion (D:4)
  2 wights (D:7)
  A vampire bat (D:4)
  3 bombardier beetles
  2 hounds (D:5)
  A jelly (D:5)
  A gnoll bouda (D:4)
  3 iguanas (D:4)
  A bullfrog simulacrum (D:4)
  A scorpion simulacrum (D:4)
  12 gnolls
  3 adders
  A white imp (D:4)
  5 dart slugs
  2 ribbon worms (D:3)
  4 adder simulacra (D:4)
  8 orcs
  5 bats
  A bat skeleton (D:4)
  4 bat zombies (D:4)
  9 endoplasms
  2 giant cockroaches
  10 goblins
  5 hobgoblins
  4 jackals
  6 kobolds
  3 quokkas
  5 ball pythons
  2 frilled lizards
  6 rats
116 creatures vanquished.

Notes
Turn   | Place    | Note
-------+----------+-------------------------------------------
     0 | D:1      | Metae the Minotaur Fighter began the quest for the Orb.
     0 | D:1      | Reached XP level 1. HP: 19/19 MP: 0/0
   229 | D:1      | Reached XP level 2. HP: 27/27 MP: 1/1
   424 | D:1      | Reached skill level 1 in Dodging
   718 | D:2      | Reached XP level 3. HP: 33/33 MP: 2/2
   960 | D:2      | Reached skill level 1 in Short Blades
  1063 | D:2      | Reached XP level 4. HP: 40/40 MP: 3/3
  1119 | D:2      | Identified the +7 chain mail of Tenacity {^Contam Harm
                  | +Blink}
  1686 | D:3      | Identified the orb of Hangman {mayhem, rPois Conj}
  1688 | D:3      | Identified the +6 sling of the Turnip {heavy, *Corrode rN+
                  | Dex+3 SInv}
  1815 | D:3      | Reached XP level 5. HP: 44/47 MP: 4/4
  2058 | D:4      | Noticed JaaP's ghost (novice HOMo)
  2086 | D:4      | Found a runed translucent gate.
  2086 | D:4      | Found a runed translucent gate.
  2086 | D:4      | Found a runed translucent gate.
  2155 | D:4      | Reached skill level 1 in Evocations
  2238 | D:4      | Found an ancient bone altar of Kikubaaqudgha.
  2250 | D:4      | Reached XP level 6. HP: 53/53 MP: 5/5
  2330 | D:4      | Reached skill level 5 in Shields
  2363 | D:4      | Found a white marble altar of Elyvilon.
  2568 | D:4      | Reached skill level 5 in Fighting
  2568 | D:4      | Reached skill level 5 in Armour
  2702 | D:4      | Reached XP level 7. HP: 61/61 MP: 6/6
  2838 | D:4      | Killed JaaP's ghost
  2957 | D:5      | Entered Level 5 of the Dungeon
  2995 | D:5      | Noticed Prince Ribbit
  3021 | D:5      | Reached XP level 8. HP: 66/70 MP: 7/7
  3208 | D:5      | Killed Prince Ribbit
  3232 | D:5      | You fall into a shaft and drop 2 floors!
  3282 | D:7      | Killed from afar by an orc priest

Illustrated notes

Levels and vault maps discovered:
D:1:      minmay_arrival_loop, layout_basic
D:2:      layout_loops_ring
D:3:      layout_rooms, kennysheep_cross_bottleneck, kennysheep_generic_room_10
D:4:      layout_loops_ring, kennysheep_vampire_church, elyvilon_altar_3,
          gammafunk_ghost_icy, minmay_joined_circles
D:5:      layout_basic, kennysheep_boxes, uniq_prince_ribbit1
D:7:      layout_loops_corners, lemuel_doored_altar, serial_glass,
          glass_columns_a, glass_columns_a

Skill      XL: |  1  2  3  4  5  6  7  8 |
---------------+-------------------------+-----
Dodging        | 1 2 3 4 |  4.5
Shields        | 4 5 6 |  6.4
Fighting       | 4 5 6 |  6.3
Armour         | 4 5 6 |  6.2
Short Blades   | 1 2 3 4 |  4.3
Evocations     | 1 2 3 |  3.1
Polearms       | |  2.5

Action                     |  1- 3 |  4- 6 |  7- 9 || total
---------------------------+-------+-------+-------++-------
  Melee: Trident           |    12 |       |       ||    12
         Short sword       |    55 |   198 |   110 ||   363
         Headbutt          |    15 |    35 |    21 ||    71
    Use: Scroll            |       |       |     3 ||     3
         Potion            |       |       |     1 ||     1
 Armour: Scale mail        |    24 |       |       ||    24
         Chain mail        |    24 |   146 |    65 ||   235
  Dodge: Dodged            |    17 |    76 |    28 ||   121
  Block: Buckler           |     7 |       |       ||     7
         Kite shield       |     6 |   102 |    47 ||   155
